 Dungeon Crawl Stone Soup version 0.21.0 (webtiles) character file.

4988 Hekarica the Covert (level 10, -2/85 HPs)
             Began as a Naga Warper on May 20, 2018.
             Was an Initiate of Gozag.
             Slain by a hog (5 damage)
             ... on level 7 of the Dungeon.
             The game lasted 01:23:24 (9528 turns).

Hekarica the Covert (Naga Warper)                   Turns: 9528, Time: 01:23:28

Health: -2/85      AC:  7    Str: 16      XL:     10   Next: 54%
Magic:  16/16      EV: 14    Int: 10 (11) God:    Gozag
Gold:   757        SH:  0    Dex: 11 (12) Spells: 9/17 levels left

rFire    . . .     SeeInvis +   a - +5 dagger
rCold    + + +     Gourm    .   (no shield)
rNeg     . . .     Faith    .   i - +3 leather armour of Servitude {+Blink rElec rC+++ Dex-2}
rPois    +         Spirit   .   (no helmet)
rElec    +         Reflect  .   (no cloak)
rCorr    +         Harm     .   (no gloves)
MR       +....                  (no barding)
Stlth    ++++......             (no amulet)
HPRegen  0.24/turn              s - ring of protection from cold
MPRegen  0.15/turn              h - ring of resist corrosion

@: gold aura, very slow
A: large, see invisible, deformed body, dopey 1, poison resistance, slowness 2,
slow metabolism 1, spit poison 1, strong 1, AC +3
a: Spit Poison, Potion Petition, Call Merchant, Bribe Branch, Renounce Religion,
Evoke Blink


You were on level 7 of the Dungeon.
You worshipped Gozag.
Gozag was pleased with you.
You were not hungry.

You visited 1 branch of the dungeon, and saw 7 of its levels.
You also visited: Ossuary.

You collected 1359 gold pieces.
You paid 602 gold pieces to Gozag.

Inventory:

Hand Weapons
 a - a +5 dagger (weapon)
 b - a +0 shortbow
 p - a +0 dagger of protection
 v - a +3 short sword of venom
 A - a +3 halberd
Missiles
 e - 3 tomahawks of dispersal (quivered)
 g - 126 arrows
 j - 77 bolts
Armour
 i - the +3 leather armour of Servitude (worn) {+Blink rElec rC+++ Dex-2}
   (You found it on level 6 of the Dungeon)

   It affects your dexterity (-2).
   It renders you almost immune to cold.
   It insulates you from electricity.
   It lets you blink.
 x - a cursed -1 scale mail
Magical Staves
 w - an uncursed staff of air
Jewellery
 h - a ring of resist corrosion (right hand)
 s - a ring of protection from cold (left hand)
 t - an uncursed amulet of guardian spirit {unknown}
 C - an uncursed amulet of faith {unknown}
Wands
 k - a wand of paralysis (11)
 y - a wand of acid (4)
 B - a wand of scattershot (8)
Scrolls
 d - 2 scrolls of blinking
 l - a scroll of amnesia
 m - a scroll of enchant armour
 u - 3 scrolls of magic mapping
Potions
 n - a potion of cancellation {unknown}
 r - 3 potions of flight
Books
 c - a book of Spatial Translocations

   Spells                             Type                      Level
   a - Blink                          Translocation                2
   b - Shroud of Golubria             Charms/Translocation         2
   c - Lesser Beckoning               Translocation                3
   d - Gell's Gravitas                Translocation                3
   e - Teleport Other                 Translocation                3
   f - Passage of Golubria            Translocation                4
 o - a book of Geomancy

   Spells                             Type                      Level
   a - Sandblast                      Earth                        1
   b - Passwall                       Transmutation/Earth          2
   c - Stone Arrow                    Conjuration/Earth            3
   d - Petrify                        Transmutation/Earth          4
   e - Lee's Rapid Deconstruction     Earth                        5
 z - a book of Debilitation

   Spells                             Type                      Level
   a - Corona                         Hexes                        1
   b - Slow                           Hexes                        2
   c - Inner Flame                    Hexes/Fire                   3
   d - Portal Projectile              Hexes/Translocation          3
   e - Cause Fear                     Hexes                        4
   f - Leda's Liquefaction            Hexes/Earth                  4
Comestibles
 f - 13 rations


   Skills:
 - Level 4.0 Fighting
 + Level 8.4(8.5) Short Blades
   Level 2.0(5.6) Long Blades
 * Level 1.8 Bows
 - Level 0.8 Throwing
 - Level 0.7 Armour
 * Level 9.7 Dodging
 + Level 10.4 Stealth
 + Level 4.0 Spellcasting
 - Level 7.7 Translocations


You had 9 spell levels left.
You knew the following spells:

 Your Spells              Type           Power        Failure   Level  Hunger
a - Blink                 Tloc           N/A          1%          2    ##.....
b - Teleport Other        Tloc           ###.....     3%          3    ###....
c - Gell's Gravitas       Tloc           ###.......   3%          3    ###....


Dungeon Overview and Level Annotations

Branches:
Dungeon (7/15)             Temple (0/1) D:7

Altars:
Ashenzari
Cheibriados
Dithmenos
Gozag
Makhleb
Okawaru

Shops:
D:7 =


Innate Abilities, Weirdness & Mutations

You cannot wear boots.
Your serpentine skin is tough. (AC +3)
You have supernaturally acute eyesight. (SInv)
Armour fits poorly on your strangely shaped body.
Your system is resistant to poisons. (rPois)
You cover ground very slowly.
You have a slow metabolism.
You can spit poison.
You are dopey. (Int -2)
Your muscles are strong. (Str +2)


Message History

The hog bites you. x2
You barely miss the hog.
The hog is severely wounded.
The hog bites you but does no damage.
You hit the hog.
The hog is almost dead.
The hog bites you.
You hit the hog.
You kill the hog!
The hog bites you.
* * * LOW HITPOINT WARNING * * *
The hog bites you!
* * * LOW HITPOINT WARNING * * *
The hog bites you!
* * * LOW HITPOINT WARNING * * *
The hog bites you.
* * * LOW HITPOINT WARNING * * *
The hog bites you.
You die...
Your body crumbles into a pile of gold.

.............#...# ........#..
.............'...# ........#..
.............#...# . ........'..
..#######....#...# .. ........#..
..##...###########... ........###
.......#........... .######....
.......#......... #....
.......#.......####### #....
.......#.......'@h.%%# #....
.......#.......#h..$%# #####....
.......#..∩..#'###'######...#....
.......'.....#.#.....#......'....
..##...#.....#.#.....#......#..<.
..##...#.....#.#######......#....
...#...#.....#..............#....
...'...#.....'..............#....
...#...'.....#..............#....


You could see 2 hogs.

Vanquished Creatures
  Pikel (D:5)
  Grinder (D:5)
  A hippogriff (D:7)
  A human (D:7)
  2 hogs (D:7)
  A water moccasin (D:7)
  An orc warrior (D:6)
  The ghost of mentalnote the Caller, an amateur FeSu (D:7)
  A black bear (D:6)
  A phantom (D:6)
  2 ogres
  3 centaurs (D:7)
  2 big kobolds (D:7)
  2 bullfrogs (D:7)
  A scorpion (D:4)
  6 killer bees (D:7)
  3 wights (Ossuary)
  5 howler monkeys
  2 crimson imps
  4 hounds
  A bullfrog skeleton (D:6)
  2 jellies
  Terence (D:2)
  4 orc wizards (D:6)
  4 worker ants
  A killer bee zombie (D:6)
  A hound zombie (D:7)
  A howler monkey zombie (D:7)
  4 gnolls (D:6)
  9 adders
  A shadow imp (D:6)
  An ooze (D:3)
  An adder zombie (Ossuary)
  2 worms (D:4)
  3 dart slugs
  A leopard gecko (D:6)
  8 orcs
  8 giant cockroaches
  5 hobgoblins
  19 jackals
  3 quokkas
  A ball python skeleton (Ossuary)
  4 bats
  5 frilled lizards
  7 goblins
  A hobgoblin skeleton (Ossuary)
  2 hobgoblin zombies (Ossuary)
  14 kobolds
  2 kobold zombies (Ossuary)
  A leopard gecko skeleton (D:6)
  An orc skeleton (Ossuary)
  An orc zombie (Ossuary)
  A quokka skeleton (D:4)
  4 rats
165 creatures vanquished.

Vanquished Creatures (collateral kills)
  A worker ant (D:4)
1 creature vanquished.

Vanquished Creatures (others)
  A howler monkey (D:5)
  A crimson imp (D:5)
  A hound skeleton (D:5)
  A worm (D:5)
4 creatures vanquished.

Grand Total: 170 creatures vanquished

Notes
Turn   | Place    | Note
-------+----------+-------------------------------------------
     0 | D:1      | Hekarica the Naga Warper began the quest for the Orb.
     0 | D:1      | Reached XP level 1. HP: 19/19 MP: 3/3
    86 | D:1      | Reached skill level 1 in Stealth
   535 | D:1      | Reached XP level 2. HP: 22/26 MP: 5/5
  1221 | D:2      | Found an opulent altar of Gozag.
  1242 | D:2      | Became a worshipper of Gozag Ym Sagoz the Greedy
  1450 | D:2      | Reached skill level 2 in Stealth
  1462 | D:2      | Found a shattered altar of Ashenzari.
  1586 | D:2      | Noticed Terence
  1604 | D:2      | Killed Terence
  1604 | D:2      | Reached skill level 1 in Short Blades
  1604 | D:2      | Reached XP level 3. HP: 13/32 MP: 6/6
  1846 | D:2      | Reached skill level 3 in Stealth
  1855 | D:2      | Learned a level 2 spell: Blink
  1859 | D:2      | Learned a level 3 spell: Teleport Other
  1991 | D:2      | Found a burning altar of Makhleb.
  1996 | D:2      | Reached XP level 4. HP: 33/40 MP: 3/7
  2051 | D:2      | Found an iron altar of Okawaru.
  2382 | D:3      | Reached XP level 5. HP: 44/46 MP: 8/8
  3521 | D:4      | Reached skill level 4 in Stealth
  3549 | D:4      | Found a sand-covered staircase.
  3588 | Ossuary  | Entered an ossuary
  3695 | Ossuary  | Reached XP level 6. HP: 24/56 MP: 10/10
  3908 | Ossuary  | Noticed a wraith
  3908 | Ossuary  | Noticed a flying skull
  3916 | Ossuary  | Noticed a flying skull
  3918 | Ossuary  | Noticed a flying skull
  3934 | Ossuary  | Noticed a flying skull
  3941 | Ossuary  | Noticed a flying skull
  4338 | Ossuary  | Noticed a wraith
  4351 | Ossuary  | Noticed a wraith
  4590 | D:4      | You fall through a shaft for 2 floors!
  4636 | D:6      | Reached XP level 7. HP: 11/62 MP: 11/11
  4637 | D:6      | Reached skill level 9 in Stealth
  4637 | D:6      | Reached XP level 8. HP: 12/69 MP: 12/12
  4648 | D:6      | HP: 3/69 [gnoll/spear (4)]
  4654 | D:6      | Reached XP level 9. HP: 9/76 MP: 10/13
  4966 | D:6      | Got a sapphire-encrusted leather armour
  4977 | D:6      | Identified the +3 leather armour of Servitude {+Blink rElec rC+++ Dex-2} (You found it on level 6 of the Dungeon)
  4982 | D:6      | Learned a level 3 spell: Gell's Gravitas
  5391 | D:5      | Entered Level 5 of the Dungeon
  5429 | D:5      | Found a snail-covered altar of Cheibriados.
  5437 | D:5      | Noticed Pikel
  5448 | D:5      | Paralysed by Pikel for 7 turns
  5465 | D:5      | Killed Pikel
  5805 | D:5      | Noticed Grinder
  5831 | D:5      | Paralysed by Grinder for 6 turns
  5858 | D:5      | Killed Grinder
  7106 | D:5      | Gained mutation: You are dopey. (Int -2) [potion of mutation]
  7106 | D:5      | Gained mutation: Your muscles are strong. (Str +2) [potion of mutation]
  7363 | D:6      | Reached skill level 10 in Stealth
  7600 | D:6      | Found a shadowy altar of Dithmenos.
  7864 | D:7      | Reached XP level 10. HP: 78/85 MP: 15/15
  7928 | D:7      | Noticed mentalnote's ghost (amateur FeSu)
  7954 | D:7      | Killed mentalnote's ghost
  8435 | D:7      | Found a staircase to the Ecumenical Temple.
  9033 | D:7      | Reached skill level 1 in Bows
  9528 | D:7      | HP: 3/85 [hog (3)]
  9528 | D:7      | Slain by a hog

Skill      XL: |  1  2  3  4  5  6  7  8  9 10 |
---------------+-------------------------------+-----
Stealth        | 1 2 3 4 9 10 | 10.4
Short Blades   | 1 2 7 8 |  8.4
Dodging        | 2 9 |  9.7
Fighting       | 3 4 |  4.0
Spellcasting   | 3 4 |  4.0
Translocations | 7 |  7.7
Bows           | 1 |  1.8
Long Blades    | |  2.0
Throwing       | |  0.8
Armour         | |  0.7

Action                   |  1- 3 |  4- 6 |  7- 9 | 10-12 || total
-------------------------+-------+-------+-------+-------++-------
Melee: Short sword       |    76 |   123 |       |       ||   199
       Falchion          |     7 |       |       |       ||     7
       Dagger            |       |    34 |   245 |   221 ||   500
 Fire: Shortbow          |       |       |       |     9 ||     9
Throw: Tomahawk          |     1 |       |     1 |       ||     2
 Cast: Teleport Other    |     1 |     1 |     1 |       ||     3
       Blink             |       |     3 |     1 |     8 ||    12
       Gell's Gravitas   |       |       |     3 |     3 ||     6
Invok: Potion Petition   |     1 |       |       |       ||     1
       Call Merchant     |       |       |       |     1 ||     1
 Abil: Spit Poison       |     2 |       |     5 |       ||     7
       Evoke Blink       |       |       |     1 |       ||     1
Evoke: Wand              |       |       |       |     4 ||     4
  Use: Scroll            |     3 |     9 |     6 |     1 ||    19
       Potion            |       |     5 |    11 |     1 ||    17
 Stab: Distracted        |     1 |       |     1 |     1 ||     3
       Sleeping          |     2 |    12 |    12 |     4 ||    30
       Invisible         |       |       |     2 |       ||     2
  Eat: Ration            |     1 |     2 |     3 |     2 ||     8
Armor: Leather armour    |    13 |    42 |    51 |    65 ||   171
       Skin              |       |    39 |    63 |       ||   102
Dodge: Dodged            |    23 |    64 |   119 |   183 ||   389
